[Event "SixDays Budapest GM-A 09-2024"]
[Site "Budapest"]
[Date "2024.09.27"]
[Round "1"]
[White "Plat, Vojtech"]
[Black "Wachinger, Nikolas"]
[Result "1/2-1/2"]
[ECO "B22"]
[WhiteElo "2483"]
[BlackElo "2442"]
[Annotator "ChessBase"]
[PlyCount "110"]
[EventDate "2024.09.24"]
[EventType "tourn"]
[EventCountry "HUN"]
[SourceTitle "playchess.com"]
[Source "ChessBase"]
[SourceQuality "1"]
[TimeControl "5400+30"]

1. e4 c5 2. c3 Nf6 3. e5 Nd5 4. Nf3 d6 5. d4 cxd4 6. Qxd4 e6 7. exd6 Nc6 8. Bb5 Bd7 9. Bxc6 Bxc6 10. O-O Qxd6 11. Ne5 f6 12. Nxc6 Qxc6 13. Nd2 Bc5 14. Qg4 O-O-O 15. Nb3 h5 16. Qe2 Bb6 17. a4 a6 18. c4 Nb4 19. c5 Bc7 20. Be3 e5 21. Rfd1 Rxd1+ 22. Qxd1 Rd8 23. Qxh5 Qe6 24. Nc1 Nc2 25. Rb1 g6 26. Qe2 Qf5 27. g4 Qe4 28. Bh6 Ne3 29. Bxe3 Qxb1 30. c6 Qe4 31. cxb7+ Kxb7 32. Nb3 Bb6 33. a5 Ba7 34. Nd2 Qd5 35. Nf1 Bxe3 36. Qxe3 Rd6 37. Qa3 Ka7 38. Ne3 Qc6 39. Qb3 Rd7 40. h4 Rh7 41. Ng2 Rb7 42. Qd3 Qc1+ 43. Kh2 Qxb2 44. Qf3 Rf7 45. Qd5 Qb7 46. Qc5+ Ka8 47. Ne3 Rc7 48. Qf8+ Ka7 49. Qxf6 Rf7 50. Qxe5 Rxf2+ 51. Kg1 Rf3 52. Qd4+ Kb8 53. Qd8+ Ka7 54. Qd4+ Kb8 55. Qd8+ Ka7 1/2-1/2

[Event "SixDays Budapest GM-A 09-2024"]
[Site "Budapest"]
[Date "2024.09.27"]
[Round "1"]
[White "Nagy, Gabor"]
[Black "Defromont, Benjamin"]
[Result "1-0"]
[ECO "A48"]
[WhiteElo "2459"]
[BlackElo "2383"]
[Annotator "ChessBase"]
[PlyCount "139"]
[EventDate "2024.09.24"]
[EventType "tourn"]
[EventCountry "HUN"]
[SourceTitle "playchess.com"]
[Source "ChessBase"]
[SourceQuality "1"]
[TimeControl "5400+30"]

1. Nf3 Nf6 2. d4 g6 3. Nbd2 Bg7 4. e4 d6 5. Bb5+ Nc6 6. Qe2 O-O 7. e5 dxe5 8. dxe5 Nd5 9. O-O Nb6 10. Bxc6 bxc6 11. Rd1 Be6 12. Ne4 Qc8 13. Nd4 Bc4 14. Qe1 Bd5 15. Nc5 Nd7 16. Nxd7 Qxd7 17. h3 Rfd8 18. Bg5 f6 19. Bf4 c5 20. exf6 Bxf6 21. Nf3 Qf5 22. Bxc7 Rdc8 23. Bg3 Bxb2 24. Rxd5 Qxd5 25. Rd1 Qxa2 26. Qxe7 Qf7 27. Qe4 Re8 28. Qa4 Rad8 29. Rxd8 Rxd8 30. Ng5 Qd5 31. Qxa7 Bg7 32. Qe7 Qd7 33. Qxc5 Rc8 34. Qe3 Rc3 35. Qe4 h6 36. Ne6 Qd1+ 37. Kh2 Qxc2 38. Qd5 Rd3 39. Qa8+ Kf7 40. Nxg7 Kxg7 41. Qb7+ Kf6 42. Qa6+ Kf5 43. Qb5+ Kf6 44. Qe8 Rxg3 45. Qf8+ Ke6 46. Kxg3 Qc3+ 47. Qf3 Qc7+ 48. Qf4 Qg7 49. h4 Kd5 50. f3 Ke6 51. Qc4+ Kd6 52. Qe4 Kc5 53. Qe6 Kd4 54. Kg4 Kc3 55. f4 Kc2 56. h5 gxh5+ 57. Kxh5 Qf8 58. g4 Kb2 59. f5 Qg7 60. Qxh6 Qc3 61. Qb6+ Ka1 62. Kg6 Qc8 63. Qf6+ Kb1 64. Qe6 Qc2 65. g5 Kc1 66. Qe1+ Kb2 67. Qe5+ Kb1 68. Kg7 Qd2 69. f6 Qa5 70. Qxa5 1-0

[Event "SixDays Budapest GM-A 09-2024"]
[Site "Budapest"]
[Date "2024.09.27"]
[Round "1"]
[White "Mohammad Fahad, Rahman"]
[Black "Panda Sambit"]
[Result "1-0"]
[ECO "C55"]
[WhiteElo "2419"]
[BlackElo "2367"]
[Annotator "ChessBase"]
[PlyCount "95"]
[EventDate "2024.09.24"]
[EventType "tourn"]
[EventCountry "HUN"]
[SourceTitle "playchess.com"]
[Source "ChessBase"]
[SourceQuality "1"]
[TimeControl "5400+30"]

1. e4 e5 2. Nf3 Nc6 3. Bc4 Nf6 4. d3 d5 5. exd5 Nxd5 6. O-O Nb6 7. Bb5 Bd6 8. d4 e4 9. Re1 f5 10. Bg5 Qd7 11. c4 h6 12. Bc1 O-O 13. Nfd2 Bf4 14. d5 Qd6 15. dxc6 Bxh2+ 16. Kh1 Be5 17. Nf1 Qf6 18. c5 bxc6 19. cxb6 cxb5 20. bxc7 Bb7 21. Nc3 Bxc7 22. Qb3+ Kh8 23. Nd5 Qh4+ 24. Kg1 Be5 25. Qxb5 Rab8 26. Nde3 Qf6 27. Ng3 Bc8 28. Qa5 Bd4 29. Nd5 Qg6 30. Rd1 Bb6 31. Nxb6 Rxb6 32. Bf4 Qg4 33. Qxa7 Rg6 34. Qc7 Kh7 35. Bd6 Re8 36. Qf7 Rd8 37. Qe7 Rd7 38. Qe5 Rf6 39. Rd4 h5 40. Nf1 Qg6 41. Rad1 Ba6 42. Qg3 Qf7 43. Be5 Rxd4 44. Rxd4 Rg6 45. Qh3 Rc6 46. Ng3 f4 47. Nxe4 Qg6 48. Bxf4 1-0

[Event "SixDays Budapest GM-A 09-2024"]
[Site "Budapest"]
[Date "2024.09.27"]
[Round "1"]
[White "Berczes, David"]
[Black "Lee, Junhyeok"]
[Result "1/2-1/2"]
[ECO "A48"]
[WhiteElo "2400"]
[BlackElo "2364"]
[Annotator "ChessBase"]
[PlyCount "38"]
[EventDate "2024.09.24"]
[EventType "tourn"]
[EventCountry "HUN"]
[SourceTitle "playchess.com"]
[Source "ChessBase"]
[SourceQuality "1"]
[TimeControl "5400+30"]

1. d4 Nf6 2. Nf3 g6 3. Nbd2 Bg7 4. e4 O-O 5. Bd3 d6 6. O-O Nc6 7. c3 e5 8. Re1 h6 9. h3 a5 10. a4 Re8 11. dxe5 Nxe5 12. Nxe5 dxe5 13. Nc4 Nh5 14. Bf1 Nf4 15. Qxd8 Rxd8 16. Be3 b6 17. Red1 Bb7 18. f3 Rxd1 19. Rxd1 Bc6 1/2-1/2

[Event "SixDays Budapest GM-A 09-2024"]
[Site "Budapest"]
[Date "2024.09.27"]
[Round "1"]
[White "Mamatov, Melis"]
[Black "Chen, Yining"]
[Result "1/2-1/2"]
[ECO "B12"]
[WhiteElo "2362"]
[BlackElo "2252"]
[Annotator "ChessBase"]
[PlyCount "86"]
[EventDate "2024.09.24"]
[EventType "tourn"]
[EventCountry "HUN"]
[SourceTitle "playchess.com"]
[Source "ChessBase"]
[SourceQuality "1"]
[TimeControl "5400+30"]

1. e4 c6 2. d4 d5 3. e5 Bf5 4. h4 a6 5. Nc3 c5 6. dxc5 d4 7. g4 Bc8 8. Ne4 Nc6 9. Bf4 Qa5+ 10. Bd2 Qc7 11. f4 h5 12. Bh3 Nh6 13. gxh5 b6 14. Qe2 Bxh3 15. Rxh3 bxc5 16. Nd6+ Kd8 17. Nc4 e6 18. Qg2 Rb8 19. O-O-O Nf5 20. Ne2 Rxh5 21. Ng3 Nxg3 22. Rxg3 g6 23. Ra3 Ke8 24. Rxa6 Nb4 25. Bxb4 Rxb4 26. Ra8+ Ke7 27. Nd6 Rb8 28. Rxb8 Qxb8 29. Qc6 Bh6 30. Kb1 Bxf4 31. a4 Bxe5 32. Nb5 Bd6 33. Rf1 Rd5 34. b3 f5 35. Re1 Kf6 36. a5 c4 37. bxc4 Rc5 38. Qd7 Be5 39. Rxe5 Qxe5 40. Qd8+ Kg7 41. Qe7+ Kg8 42. Qe8+ Kh7 43. Qe7+ Kg8 1/2-1/2

[Event "SixDays Budapest GM-A 09-2024"]
[Site "Budapest"]
[Date "2024.09.24"]
[Round "1.2"]
[White "Mohammad Fahad, Rahman"]
[Black "Berczes, David"]
[Result "0-1"]
[ECO "D37"]
[WhiteElo "2419"]
[BlackElo "2400"]
[Annotator "RC"]
[PlyCount "84"]
[EventDate "2024.09.24"]
[EventType "tourn"]
[EventCountry "HUN"]
[SourceTitle "playchess.com"]
[Source "ChessBase"]
[SourceQuality "1"]
[TimeControl "5400+30"]

1. d4 d5 2. c4 e6 3. Nc3 Nf6 4. Nf3 h6 5. Bf4 c5 6. g3 cxd4 7. Nxd4 Nbd7 8. Qa4 g5 9. Be5 Bc5 10. cxd5 O-O 11. Bxf6 Qxf6 12. Nf3 exd5 13. Bg2 Nb6 14. Qb5 Qe7 15. O-O Be6 16. Rad1 Rac8 17. Nd4 Qf6 18. Nb3 a6 19. Qd3 Bb4 20. Nxd5 Nxd5 21. Bxd5 Rfd8 22. Qe4 Bxd5 23. Rxd5 Rxd5 24. Qxd5 b5 25. e3 Bf8 26. Nd4 Rd8 27. Qb7 Bc5 28. Nb3 Bf8 29. Nd4 Bc5 30. Nc6 Rd2 31. Na5 Rxb2 32. Nb3 Bf8 33. Qd5 Rxa2 34. Nd4 Rd2 35. f4 g4 36. Rc1 Qe7 37. Re1 b4 38. Qc4 Qe4 39. Qf1 Bc5 40. Re2 Bxd4 41. Rxd2 Bxe3+ 42. Rf2 Qf3 0-1

[Event "SixDays Budapest GM-A 09-2024"]
[Site "Budapest"]
[Date "2024.09.24"]
[Round "1.3"]
[White "Mamatov, Melis"]
[Black "Wachinger, Nikolas"]
[Result "1/2-1/2"]
[ECO "B90"]
[WhiteElo "2362"]
[BlackElo "2442"]
[Annotator "TA"]
[PlyCount "110"]
[EventDate "2024.09.24"]
[EventType "tourn"]
[EventCountry "HUN"]
[SourceTitle "playchess.com"]
[Source "ChessBase"]
[SourceQuality "1"]
[TimeControl "5400+30"]

1. e4 c5 2. Nf3 d6 3. d4 cxd4 4. Nxd4 Nf6 5. Nc3 a6 6. h3 e5 7. Nb3 Be6 8. Be3 Be7 9. g4 d5 10. exd5 Nxd5 11. Nxd5 Bxd5 12. Rg1 Nc6 13. c3 O-O 14. Qd2 Rc8 15. Rd1 Bf3 16. Qxd8 Rfxd8 17. Rxd8+ Nxd8 18. Bg2 Bxg2 19. Rxg2 Ne6 20. Ke2 Bg5 21. Rg1 Kf8 22. Rd1 Ke7 {[%emt 0:00:17] Against Rd7+} 23. Rd5 Bxe3 24. fxe3 $11 {[%emt 0:05:07][%mdl 4096] Endgame. KRN-KRN} f6 25. Nd2 h5 26. Ne4 ({Much worse is} 26. gxh5 Rh8 27. Nc4 b5 $11 (27... Rxh5 28. Nb6 $15)) 26... hxg4 27. hxg4 Rh8 28. Nf2 Ng5 29. Rd1 Ke6 30. Rh1 Rc8 31. Rc1 b5 32. a4 {[%emt 0:02:00] The position is equal.} bxa4 33. Ra1 Rc4 34. Kd3 Kd5 35. b4 axb3 36. Ra5+ Rc5 37. c4+ Kd6 38. Rxa6+ Kc7 39. Ra7+ Kb6 40. Ra3 Ra5 41. Rxb3+ Kc6 42. Ne4 {[%emt 0:01:16] Black must now prevent Nxg5.} Nxe4 43. Kxe4 {[%emt 0:00:04] KR-KR} Ra4 44. Rc3 Kc5 45. Kf5 Rxc4 46. Rxc4+ Kxc4 {[%emt 0:00:09] K3P-KPP} 47. Kg6 Kd3 48. Kxg7 Kxe3 49. Kxf6 {[%emt 0:00:04] KP-KP} e4 50. g5 {[%emt 0:00:03] [#] White wants to mate with g6.} Kf3 (50... Kf4 $5) 51. g6 {[%emt 0:00:02] Threatening mate with g7.} e3 52. g7 e2 53. g8=Q e1=Q {[%emt 0:00:06] Against Qg1} 54. Qd5+ Qe4 55. Qxe4+ Kxe4 {[%emt 0:00:04] An even fight not without its subleties.   Weighted Error Value: White=0.04 (flawless) /Black=0.04 (flawless) .  Inaccurate:     	White=1     	Black=1      OK:         	White=25    	Black=19     Best:        	White=4     	Black=2} 1/2-1/2

[Event "SixDays Budapest GM-A 09-2024"]
[Site "Budapest"]
[Date "2024.09.24"]
[Round "1.4"]
[White "Chen, Yining"]
[Black "Lee, Junhyeok"]
[Result "0-1"]
[ECO "A53"]
[WhiteElo "2252"]
[BlackElo "2364"]
[Annotator "TA"]
[PlyCount "58"]
[EventDate "2024.09.24"]
[EventType "tourn"]
[EventCountry "HUN"]
[SourceTitle "playchess.com"]
[Source "ChessBase"]
[SourceQuality "1"]
[TimeControl "5400+30"]

1. d4 Nf6 2. c4 d6 3. Nf3 Nc6 4. Nc3 e5 5. dxe5 dxe5 6. Qxd8+ Kxd8 7. Bg5 Be6 8. e3 Kc8 9. Bxf6 {[%emt 0:04:04] The position is equal.} gxf6 10. O-O-O a5 11. Nd5 f5 12. Ng5 a4 13. Nxe6 fxe6 14. Nc3 Rg8 15. Rg1 a3 16. b3 e4 17. Be2 Bg7 18. Nb5 {[%emt 0:00:32] [#]} (18. Na4 $1 $11) 18... Nb4 $1 $36 {[%emt 0:02:04][%mdl 2048] White is under strong pressure.} 19. Kb1 c6 20. Nd4 Bxd4 21. exd4 {[%emt 0:00:06] [#]} (21. Rxd4 $17 e5 22. Rd2) 21... Kc7 $1 $19 22. f3 (22. g4 $142) 22... Rad8 ({Worse is} 22... e3 23. f4 $11) 23. g4 exf3 ({Weaker is} 23... e3 24. f4 $17) 24. Bxf3 fxg4 25. Be4 (25. Rxg4 $142 Rxg4 26. Bxg4) 25... h5 {[%emt 0:03:55] Hoping for ...Rgf8.} 26. Rd2 Rgf8 {[%emt 0:00:41] Black is clearly winning.} 27. Re1 Rf4 {[%emt 0:00:57] White must now prevent ...Rdf8.} 28. Kc1 h4 29. Bb1 Rdxd4 {[%emt 0:01:25] Weighted Error Value: White=0.43/Black=0.07 (flawless) .  Mistake:       	White=4     	---        Inaccurate:     	White=1     	---        OK:         	White=7     	Black=14     Best:        	---       	Black=1      Strong:       	---       	Black=2} 0-1

[Event "SixDays Budapest GM-A 09-2024"]
[Site "Budapest"]
[Date "2024.09.24"]
[Round "1.5"]
[White "Panda Sambit"]
[Black "Defromont, Benjamin"]
[Result "0-1"]
[ECO "B01"]
[WhiteElo "2367"]
[BlackElo "2383"]
[Annotator "TA"]
[PlyCount "86"]
[EventDate "2024.09.24"]
[EventType "tourn"]
[EventCountry "HUN"]
[SourceTitle "playchess.com"]
[Source "ChessBase"]
[SourceQuality "1"]
[TimeControl "5400+30"]

1. e4 d5 2. exd5 Qxd5 3. h3 Nf6 4. Nf3 Nc6 5. Nc3 Qd8 6. d4 a6 7. a3 e6 8. Bd3 {[%emt 0:00:44] White is slightly better.} g6 9. Bg5 h6 10. Be3 Bg7 11. Qd2 b6 12. O-O-O Bb7 13. Rhg1 Ne7 14. Ne5 Ned5 15. Nxd5 Nxd5 16. Be4 c5 17. c4 cxd4 18. Bxd4 Qc7 {[%emt 0:02:48] [#] Against Nc6} 19. Nc6 $2 Nf6 $17 20. Bxf6 {[%emt 0:06:05] Loses the game.} (20. Qe3 $17 Bxc6 21. Be5) 20... Bxf6 $19 21. Qd6 Rc8 22. Qxc7 Rxc7 23. Rd6 Be7 {[%emt 0:02:15] A strong pair of Bishops.} 24. Rgd1 ({Of course not} 24. Nxe7 Bxe4 (24... Kxe7 25. Rd4 $17) 25. Rd4 Bb7 26. Nxg6 fxg6) 24... Bxd6 25. Rxd6 Bxc6 26. Rxc6 Rxc6 27. Bxc6+ {[%emt 0:00:04][%mdl 4096] Endgame. KR-KB} Ke7 28. Bb7 a5 29. Kc2 Rd8 30. Bf3 f5 31. Kc3 {[%emt 0:00:08] Black is clearly winning.} e5 32. Bd5 g5 33. g4 (33. b4 $142) 33... Rf8 34. f3 {[%emt 0:00:40] [#]} h5 $1 35. gxf5 Rxf5 36. Kd3 Rf4 37. Be4 Rh4 38. Bf5 Rd4+ 39. Ke3 Rxc4 40. Bg6 Rh4 41. Bf5 Kd6 {[%emt 0:00:16] Threatens to win with ...b5.} 42. b3 Kc5 {[%emt 0:00:13] And now ...a4 would win.} 43. Be6 b5 {[%emt 0:02:09] Weighted Error Value: White=0.45/Black=0.10 (very precise) .  Loses game:     	White=1     	---        Mistake:       	White=2     	---        Inaccurate:     	White=1     	Black=2      OK:         	White=10    	Black=15     Best:        	White=1     	Black=1} 0-1